 Dungeon Crawl Stone Soup version 0.31-a0-1555-g5715333c33 (webtiles) character file.

Game seed: 17907175128955525839

20882 GordonOverkill the Destroyer (level 12, -1/60 HPs)
             Began as a Spriggan Delver on Jan 3, 2024.
             Was an Elder of Vehumet.
             Slain by Donald
             ... wielding a +1 war axe of flaming
              (13 damage)
             ... on level 1 of the Orcish Mines.
             The game lasted 00:47:38 (27290 turns).

GordonOverkill the Destroyer (Spriggan Delver)     Turns: 27290, Time: 00:47:38

Health: -1/60      AC:  6    Str:  8    XL:     12   Next: 49%
Magic:  1/25       EV: 18    Int: 16    God:    Vehumet [****..]
Gold:   1235       SH:  0    Dex: 17    Spells: 5/27 levels left

rFire   . . .        E - +3 short sword
rCold   . . .        (no shield)
rNeg    . . .        A - +1 robe {Will+}
rPois   .            (helmet restricted)
rElec   .            l - +2 cloak
rCorr   .            (gloves unavailable)
SInv    +            (boots unavailable)
Will    +++..        (no amulet)
Stlth   ++++         (no ring)
HPRegen 0.30/turn    (no ring)
MPRegen 0.19/turn

%: no passive effects
@: very slightly contaminated, very quick
A: very small, no large weapons, unfitting armour, see invisible, speed 3
a: Renounce Religion


You were on level 1 of the Orcish Mines.
You worshipped Vehumet.
Vehumet was greatly pleased with you.
You visited 3 branches of the dungeon, and saw 14 of its levels.

You collected 1382 gold pieces.
You spent 147 gold pieces at shops.

Inventory:

Hand Weapons
 E - a +3 short sword (weapon)
Missiles
 j - 5 curare-tipped darts (quivered)
 r - 22 poisoned darts
 z - 2 throwing nets
Armour
 l - a +2 cloak (worn)
 A - a +1 robe of willpower (worn)
 D - +0 steam dragon scales
Jewellery
 i - a ring of ice
 n - a ring of ice
 F - a ring of poison resistance
 G - an amulet of reflection
 L - the ring of the Stallion {Fire rElec Int+8}
   (You took it off an orc knight on level 1 of the Orcish Mines)

   [ring of fire]

   Fire:      It enhances your fire magic.
   Int+8:     It affects your intelligence (+8).
   rF+:       It protects you from fire.
   rC-:       It makes you vulnerable to cold.
   rElec:     It insulates you from electricity.
Wands
 g - a wand of digging (7)
 m - a wand of roots (15)
 y - a wand of flame (20)
 B - a wand of charming (5)
 C - a wand of mindburst (3)
Scrolls
 b - 5 scrolls of identify
 c - 4 scrolls of fog
 d - a scroll of revelation
 h - 5 scrolls of teleportation
 k - 3 scrolls of vulnerability
 w - a scroll of blinking
 H - a scroll of torment {unknown}
 I - a scroll of summoning {unknown}
 J - a scroll of amnesia {unknown}
 K - a scroll of enchant armour
Potions
 a - 2 potions of might {unknown}
 e - 2 potions of attraction {unknown}
 f - a potion of haste
 o - 3 potions of magic
 p - a potion of invisibility
 q - 3 potions of lignification
 s - 3 potions of heal wounds {unknown}
 t - 5 potions of curing
 u - a potion of mutation {unknown}
 v - a potion of cancellation {unknown}
 x - 2 potions of brilliance {unknown}


   Skills:
 - Level 5.0 Fighting
 - Level 2.5 Short Blades
 - Level 1.0 Throwing
 - Level 3.0 Dodging
 - Level 7.5 Stealth
 - Level 8.0 Spellcasting
 + Level 11.9 Conjurations
 - Level 10.0 Air Magic
 - Level 4.0 Evocations


You had 5 spell levels left.
You knew the following spells:

 Your Spells              Type           Power      Damage    Failure   Level
a - Static Discharge      Conj/Air       82%        3-7/arc   1%          2
b - Airstrike             Air            19%        2d(3-19)  1%          4
c - Summon Lightning Spi  Summ/Air       22%        N/A       14%         4
d - Irradiate             Conj/Alch      12%        3d15      7%          5
e - Orb of Destruction    Conj           22%        9d8       17%         7

Your spell library contained the following spells:

 Spells                   Type           Power      Damage    Failure   Level
 Plasma Beam              Fire/Air       11%        2x1d22    45%         6
 Magic Dart               Conj           100%       1d8       1%          1
 Sting                    Conj/Alch      100%       1d9       1%          1
 Mercury Vapours          Alch/Air       44%        N/A       1%          2
 Searing Ray              Conj           88%        2d7       1%          2
 Fulminant Prism          Conj/Alch      12%        3d9       2%          4
 Iskenderun's Mystic Bla  Conj/Tloc      25%        2d7       2%          4
 Cigotuvi's Dreadful Rot  Necr/Alch/Air  34%        N/A       4%          2
 Volatile Blastmotes      Fire/Tloc      12%        2d11      9%          3
 Summon Small Mammal      Summ           24%        N/A       11%         1
 Call Imp                 Summ           12%        N/A       17%         2
 Lesser Beckoning         Tloc           12%        N/A       17%         2
 Sublimation of Blood     Necr           6%         N/A       17%         2
 Olgreb's Toxic Radiance  Alch           6%         N/A       28%         4
 Call Canine Familiar     Summ           6%         N/A       32%         3
 Gell's Gravitas          Tloc           6%         N/A       32%         3
 Teleport Other           Tloc           6%         N/A       32%         3
 Dispel Undead            Necr           6%         3d8       73%         4
 Martyr's Knell           Necr/Summ      6%         N/A       73%         4
 Petrify                  Alch/Erth      6%         N/A       73%         4
 Summon Blazeheart Golem  Fire/Summ      6%         N/A       73%         4
 Spellforged Servitor     Conj/Summ      12%        N/A       87%         7
 Death Channel            Necr           3%         N/A       100%        6
 Summon Hydra             Summ           3%         N/A       100%        7


Dungeon Overview and Level Annotations

Branches:
Dungeon (11/15)            Temple (1/1) D:5            Lair (0/5) D:8
    Orc (2/2) D:11
    Elf: Orc:2

Altars:
Ashenzari
Cheibriados
Dithmenos
Elyvilon
Fedhas
Gozag
Hepliaklqana
Kikubaaqudgha
Makhleb
Nemelex Xobeh
Okawaru
Qazlal
Ru
Sif Muna
Trog
Uskayaw
Vehumet
Wu Jian
Xom
Yredelemnul
Zin
The Shining One

Shops:
D:6 ??=(

Annotations:
D:9 2 transporters
Orc:1 Donald


Innate Abilities, Weirdness & Mutations

You are very small and have problems with some larger weapons.
You are too small for most types of armour.
You have supernaturally acute eyesight. (SInv)
You cover ground extremely quickly. (Speed+++)


Message History

Press: ? - help, Shift-Dir - straight line, f/p - Donald
Aim: Donald, wielding a +1 war axe of flaming, wearing a +1 plate armour of fire resistance and wearing a +0 kite shield (fast, strong, ally target)
The orb of destruction hits Donald!!!
Donald is heavily wounded.
Casting: Orb of Destruction (extremely dangerous; 17% risk of failure)
Confirm with . or Enter, or press ? or * to list all spells.
You don't have enough magic to cast this spell.
Unknown command.
Unknown command.
Aiming: Mindburst
Press: ? - help, Shift-Dir - straight line, f/p - Donald
Aim: Donald, wielding a +1 war axe of flaming, wearing a +1 plate armour of fire resistance and wearing a +0 kite shield (heavily wounded, fast, strong, ally target, chance to affect: 16%) Donald resists with almost no effort.
The orb of destruction hits Donald!!
Donald is almost dead.
Aiming: Fastroot
Press: ? - help, Shift-Dir - straight line, f/p - Donald
Aim: Donald, wielding a +1 war axe of flaming, wearing a +1 plate armour of fire resistance and wearing a +0 kite shield (almost dead, fast, strong)
The roots erupt in riotous growth!
Roots grab Donald.
The grasping roots constrict Donald, but do no damage.
You hear a shout!
Donald struggles to escape constriction.
Casting: Orb of Destruction (extremely dangerous; 17% risk of failure)
Confirm with . or Enter, or press ? or * to list all spells.
Aiming: Airstrike (dangerous; 1% risk of failure)
Press: ? - help, Dir - move target, f/p - Donald
Aim: Donald, wielding a +1 war axe of flaming, wearing a +1 plate armour of fire resistance and wearing a +0 kite shield (almost dead, fast, strong, constricted by roots, empty space bonus: 8/8)
The air twists around and strikes Donald!
Donald is almost dead.
The grasping roots constrict Donald.
Donald escapes!
Donald misses you.
You climb upwards.
There is a stone staircase leading down here.
Donald attacks as he pursues you!
Donald hits you with a +1 war axe of flaming!!
Ouch! That really hurt!
* * * LOW HITPOINT WARNING * * *
Donald burns you!
You die...
Donald says, "Well, maybe you weren't so bad after all."

###..#.#...........##
##........#........##
#...................##
#....................#
###...............#...#
##.....................#
##.......#.)...........##
#.......#...............#
................@......##
#.......#......[@.....##
..##.......#....[......#
..........[...........##
#####..................##
...8#.............#.#...#
....#...............#..##
#8#.#...[..............#
###.#......[........#..##


You could see Donald (fast, strong).

Vanquished Creatures
  A boulder beetle (D:11)
  2 two-headed ogres
  2 orc high priests
  Pikel (D:7)
  3 orc knights (Orc:1)
  An orc sorcerer (Orc:2)
  2 cyclopes (D:11)
  Joseph (D:7)
  A kobold demonologist (D:11)
  3 hornets
  Grinder (D:5)
  5 trolls
  Prince Ribbit (D:7)
  3 shadows
  4 wraiths
  A basilisk (D:11)
  5 nameless horrors
  7 yaks
  2 wargs
  Menkaure (D:5)
  A steam dragon (D:8)
  2 vampire mosquitoes (D:11)
  An acid dragon (D:10)
  2 water moccasins
  16 orc warriors
  An ice beast (D:5)
  4 ogres
  4 centaurs
  2 kobold brigands
  A phantom (D:4)
  A gnoll sergeant (D:7)
  A scorpion (D:5)
  2 bullfrogs
  11 wights
  6 killer bees
  2 howler monkeys (D:9)
  4 crimson imps (D:8)
  2 bombardier beetles
  3 jellies
  5 hounds
  Crazy Yiuf (D:3)
  16 orc priests
  3 gnoll boudas
  2 iguanas
  13 orc wizards
  4 adders
  24 gnolls
  A white imp (D:6)
  A dart slug (D:3)
  A ribbon worm (D:3)
  69 orcs
  9 endoplasms
  6 giant cockroaches
  4 goblins
  8 hobgoblins
  8 jackals
  6 quokkas
  11 ball pythons
  4 bats
  14 kobolds
  4 rats
327 creatures vanquished.

Vanquished Creatures (collateral kills)
  The ghost of jazmu the Summoner, a journeyman GrSu of Sif Muna (Orc:1)
  2 orc knights
  A komodo dragon (D:10)
  10 yaks
  4 orc warriors
  3 killer bees (D:11)
  2 orc priests
  4 orcs
27 creatures vanquished.

Grand Total: 354 creatures vanquished

Notes
Turn   | Place    | Note
-------+----------+-------------------------------------------
     0 | D:5      | GordonOverkill the Spriggan Delver began the quest for the
                  | Orb.
     0 | D:5      | Reached XP level 1. HP: 11/11 MP: 2/2
     8 | Temple   | Entered the Ecumenical Temple
    15 | Temple   | Became a worshipper of Vehumet
    27 | D:5      | Noticed Grinder
    43 | D:6      | Noticed a bombardier beetle
    47 | D:6      | Noticed an iguana
   117 | D:5      | Noticed a scorpion
   175 | D:5      | Noticed an ice beast
   189 | D:5      | Noticed Menkaure
   241 | D:5      | Noticed a water moccasin
   282 | D:5      | Noticed a hound
   312 | D:4      | Noticed a phantom
   314 | D:4      | Reached XP level 2. HP: 16/16 MP: 3/3
   460 | D:4      | Noticed a bombardier beetle
   774 | D:1      | Reached skill level 1 in Spellcasting
  1158 | D:1      | Reached XP level 3. HP: 19/19 MP: 5/5
  1249 | D:1      | Reached skill level 1 in Air Magic
  2190 | D:2      | Found a sparkling altar of Nemelex Xobeh.
  2212 | D:2      | Reached * piety under Vehumet
  2212 | D:2      | Offered knowledge of Foxfire by Vehumet.
  2794 | D:3      | Reached skill level 1 in Throwing
  2794 | D:3      | Reached XP level 4. HP: 18/23 MP: 8/8
  2815 | D:3      | Learned a level 2 spell: Static Discharge
  2914 | D:3      | Found an iron altar of Okawaru.
  3321 | D:3      | Found a runed translucent door.
  3322 | D:3      | Noticed Crazy Yiuf
  3436 | D:3      | Reached skill level 1 in Conjurations
  3794 | D:3      | Killed Crazy Yiuf
  3795 | D:3      | Reached XP level 5. HP: 25/27 MP: 6/9
  3910 | D:4      | Reached skill level 2 in Conjurations
  3951 | D:4      | Killed a phantom
  4112 | D:4      | Offered knowledge of Searing Ray by Vehumet.
  4113 | D:4      | Reached XP level 6. HP: 32/32 MP: 10/10
  4170 | D:4      | Reached ** piety under Vehumet
  4463 | D:5      | Killed Grinder
  4464 | D:5      | Reached XP level 7. HP: 3/35 MP: 0/14
  4578 | D:5      | Reached skill level 5 in Air Magic
  5211 | D:5      | Killed Menkaure
  5338 | D:5      | Learned a level 4 spell: Airstrike
  5592 | D:5      | Reached XP level 8. HP: 40/40 MP: 10/15
  5627 | D:5      | Found a staircase to the Ecumenical Temple.
  6286 | D:6      | Found Emonex's Weapon Shop.
  6484 | D:6      | Reached skill level 5 in Spellcasting
  6551 | D:6      | Identified the +9 falchion "Worm" {flame, rElec Str+2}
  7103 | D:6      | Found Nocrett's Jewellery Emporium.
  7198 | D:6      | Reached skill level 3 in Conjurations
  7296 | D:6      | Found Ytzodum's Magic Scroll Shoppe.
  7305 | D:6      | Found Noumaekh's Magic Scroll Boutique.
  7313 | D:6      | Bought a scroll of blinking for 105 gold pieces
  7313 | D:6      | Bought a scroll of teleportation for 42 gold pieces
  7806 | D:6      | Offered knowledge of Frozen Ramparts by Vehumet.
  8513 | D:7      | Reached skill level 4 in Conjurations
  8812 | D:7      | Noticed Pikel
  8815 | D:7      | Killed Pikel
  8816 | D:7      | Reached skill level 5 in Conjurations
  8816 | D:7      | Reached XP level 9. HP: 44/44 MP: 8/19
  8990 | D:7      | Noticed Joseph
  9360 | D:7      | Killed Joseph
  9798 | D:7      | Noticed Prince Ribbit
  9807 | D:7      | Killed Prince Ribbit
 10274 | D:7      | Reached *** piety under Vehumet
 11296 | D:8      | Found a staircase to the Lair.
 12010 | D:8      | Found a shimmering altar of Xom.
 12023 | D:8      | Reached skill level 10 in Air Magic
 12181 | D:8      | Reached skill level 1 in Evocations
 12319 | D:8      | Offered knowledge of Dazzling Flash by Vehumet.
 12861 | D:8      | Reached XP level 10. HP: 49/49 MP: 12/20
 14144 | D:8      | Reached **** piety under Vehumet
 14556 | D:9      | Found a transporter.
 14558 | D:9      | Found a transporter.
 14558 | D:9      | Noticed a boulder beetle
 14564 | D:9      | Offered knowledge of Fulminant Prism by Vehumet.
 14565 | D:9      | Reached skill level 6 in Conjurations
 15017 | D:9      | Learned a level 4 spell: Summon Lightning Spire
 15042 | D:9      | Reached skill level 7 in Conjurations
 15842 | D:10     | Entered Level 10 of the Dungeon
 15873 | D:10     | Noticed a two-headed ogre
 15876 | D:10     | Killed a two-headed ogre
 15877 | D:10     | Reached XP level 11. HP: 52/52 MP: 12/24
 16044 | D:10     | Found a white marble altar of Elyvilon.
 16495 | D:10     | Reached skill level 8 in Conjurations
 17456 | D:10     | Found a basalt altar of Yredelemnul.
 18090 | D:11     | Reached skill level 9 in Conjurations
 18428 | D:11     | Noticed a boulder beetle
 18437 | D:11     | Killed a boulder beetle
 18630 | D:11     | Noticed a two-headed ogre
 18651 | D:11     | Killed a two-headed ogre
 19277 | D:11     | Reached skill level 10 in Conjurations
 20900 | D:11     | Found a staircase to the Orcish Mines.
 20913 | D:11     | Learned a level 5 spell: Irradiate
 20921 | D:11     | Learned a level 7 spell: Orb of Destruction
 20924 | Orc:1    | Entered Level 1 of the Orcish Mines
 20927 | Orc:1    | Reached skill level 5 in Fighting
 21556 | Orc:1    | Reached ***** piety under Vehumet
 21556 | Orc:1    | Offered knowledge of Plasma Beam by Vehumet.
 22200 | Orc:1    | Noticed an orc knight
 22201 | Orc:1    | Found a runed translucent gate.
 22201 | Orc:1    | Identified the +7 longbow of the Dark Horse {freeze, rF+++}
 22202 | Orc:1    | Found a runed translucent gate.
 22202 | Orc:1    | Noticed an orc knight
 22202 | Orc:1    | Noticed an orc knight
 22203 | Orc:1    | Found a runed translucent gate.
 22204 | Orc:1    | Noticed jazmu's ghost (journeyman GrSu)
 22205 | Orc:1    | Identified the ring of the Stallion {Fire rElec Int+8}
 22205 | Orc:1    | Noticed an orc knight
 22205 | Orc:1    | Noticed an orc high priest
 22431 | Orc:1    | Killed an orc knight
 22564 | Orc:1    | Killed an orc high priest
 22565 | Orc:1    | Reached XP level 12. HP: 43/60 MP: 10/25
 23054 | Orc:1    | Killed jazmu's ghost
 23290 | Orc:1    | Reached skill level 11 in Conjurations
 23876 | Orc:2    | Entered Level 2 of the Orcish Mines
 24685 | Orc:2    | Noticed Donald
 24936 | Orc:2    | Noticed an orc high priest
 24942 | Orc:2    | Killed an orc high priest
 25623 | Orc:2    | Noticed an orc warlord
 27290 | Orc:1    | Slain by Donald

Illustrated notes

Levels and vault maps discovered:
D:1:      dpeg_arrival_prison, layout_basic
D:2:      layout_basic, basic_altar
D:3:      layout_loops_ring, lemuel_round_altar, gup_sewer_entry_spiral,
          uniq_crazy_yiuf_cottage
D:4:      layout_rooms, enter_ossuary_2
D:5:      layout_loops_cross, minmay_temple_entry_waves, uniq_menkaure,
          uniq_grinder
D:6:      layout_gridville, serial_shops, shop, shop, shop,
          nicolae_shop_real_fake_doors, nicolae_concentric_dashed_squares_mild
D:7:      layout_basic, roderic_cross_of_infinity, uniq_pikel,
          uniq_prince_ribbit1, uniq_joseph
D:8:      layout_cave_pods, led_xom_imps, lair_entry_dummy
D:9:      gammafunk_boulding_lane, layout_stronghold, kennysheep_generic_room_16
D:10:     layout_roguey, kennysheep_ying_yang, minmay_fractal_squares_gapless_5
D:11:     layout_roguey, david_orc_4
Temple:   nicolae_temple_no_exploring_needed
Orc:1:    layout_caves, biasface_ghost_orc_armoury
Orc:2:    grunt_orc_cross, layout_diamond_mine, uniq_donald

Skill      XL: |  1  2  3  4  5  6  7  8  9 10 11 12 |
---------------+-------------------------------------+-----
Dodging        | 3 |  3.0
Spellcasting   | 1 2 4 6 8 |  8.0
Air Magic      | 2 3 4 6 7 10 | 10.0
Throwing       | 1 |  1.0
Conjurations   | 1 2 5 7 10 11 | 11.9
Fighting       | 3 5 |  5.0
Evocations     | 3 4 |  4.0
Short Blades   | |  2.5
Stealth        | |  7.5

Action                     |  1- 3 |  4- 6 |  7- 9 | 10-12 || total
---------------------------+-------+-------+-------+-------++-------
  Melee: Short sword       |   173 |     6 |       |    43 ||   222
         Punch             |     1 |     1 |       |       ||     2
         Long sword        |       |    75 |    24 |     4 ||   103
  Throw: Dart              |     4 |     2 |     1 |     1 ||     8
   Cast: Static Discharge  |       |    12 |    39 |    11 ||    62
         Airstrike         |       |       |   129 |   351 ||   480
         Summon Lightning  |       |       |       |    36 ||    36
         Orb of Destructio |       |       |       |     7 ||     7
  Evoke: Wand              |       |     1 |     2 |    20 ||    23
    Use: Scroll            |     7 |     2 |       |       ||     9
         Potion            |       |     1 |       |       ||     1
   Stab: Sleeping          |    14 |    11 |     4 |     2 ||    31
         Fleeing           |     1 |       |       |       ||     1
         Distracted        |       |     1 |       |     4 ||     5
 Armour: Robe              |    34 |    41 |    76 |    75 ||   226
  Dodge: Dodged            |   129 |    76 |    59 |    95 ||   359

Table legend: (Time is in decaauts)
 A = Elapsed time spent in this place.
 B = Non-inter-level travel time spent in this place.
 C = Inter-level travel time spent in this place.
 D = Time resting spent in this place.
 E = Time spent auto-exploring this place.
 F = Levels seen in this place.
 G = Mean time per level.
                   A        B        C        D        E       F      G
               +--------+--------+--------+--------+--------+-----+--------+
         Total |  22831 |  22115 |    716 |  14193 |   5092 |  14 | 1630.8 |
       Dungeon |  17459 |  16923 |    536 |   9973 |   4680 |  11 | 1587.2 |
        Temple |     10 |      3 |      7 |      0 |      0 |   1 |   10.0 |
  Orcish Mines |   5362 |   5189 |    173 |   4220 |    412 |   2 | 2681.0 |
               +--------+--------+--------+--------+--------+-----+--------+

Top non-repeatable levels by time:
   Orc:1: 4263 daAuts
     D:7: 2872 daAuts
    D:11: 2268 daAuts
    D:10: 2089 daAuts
     D:8: 1963 daAuts
     D:9: 1852 daAuts
     D:5: 1717 daAuts
     D:6: 1697 daAuts
   Orc:2: 1098 daAuts
     D:3: 967 daAuts
     D:1: 793 daAuts
     D:2: 661 daAuts
     D:4: 576 daAuts
  Temple: 10 daAuts
